 Dungeon Crawl Stone Soup version 0.14-a0-1097-gc7db7fc (webtiles) character file.

271 PolkaDot the Ruinous (level 5, -3/28 HPs)
             Began as a Deep Elf Conjurer on Nov 26, 2013.
             Slain by a gnoll
             ... wielding a +2,+0 spear
              (5 damage)
             ... on Level 4 of the Dungeon.
             The game lasted 00:12:47 (3055 turns).

PolkaDot the Ruinous (Deep Elf Conjurer)            Turns: 3055, Time: 00:12:48

HP  -3/28        AC  6     Str  5      XL: 5   Next: 30%
MP   3/14        EV  7     Int 21      God:
Gold 94          SH  0     Dex 15      Spells:  2 memorised,  5 levels left

rFire  . . .     SeeInvis .     (no weapon)
rCold  . . .     Clarity  .     a - +0 elf robe
rNeg   . . .     Conserve .     (no shield)
rPois  .         rCorr    .     z - +0 orc plumed helmet
rElec  .         rRot     .     i - +0 cloak
SustAb . .       Spirit   .     C - +1 pair of gloves
rMut   .         Warding  .     (no boots)
Saprov . . .     RndTele  +     (no amulet)
                                s - ring of teleport control
                                A - cursed ring of teleportation

@: held, slightly resistant to hostile enchantments, fairly stealthy
A: no striking features
a: Evoke Teleportation, Evoke Teleport Control


You were on level 4 of the Dungeon.
You were not hungry.

You visited 1 branch of the dungeon, and saw 4 of its levels.

You collected 94 gold pieces.

Inventory:

Armour
 a - a +0 elven robe (worn)
 i - a +0 cloak (worn)
 z - a +0 orcish plumed helmet (worn)
 C - a +1 pair of gloves (worn)
Magical devices
 p - a wand of fireball (2)
 D - a wand of confusion (15) {unknown}
Comestibles
 b - a bread ration
 d - 4 chunks of orc flesh
 f - 2 meat rations
 r - a rambutan
 u - a pear
Scrolls
 e - 6 scrolls of identify {unknown}
 g - a scroll of fear {unknown}
 j - a scroll of noise {unknown}
 l - 2 scrolls of amnesia {unknown}
 m - 5 scrolls of remove curse {unknown}
 n - a scroll of fog {unknown}
 o - a scroll of teleportation {unknown}
 q - 3 scrolls of curse weapon {unknown}
Jewellery
 s - a ring of teleport control (right hand)
 y - an uncursed ring of protection from cold {unknown}
 A - a cursed ring of teleportation (left hand)
 B - a +3 ring of strength {unknown}
Potions
 h - 3 potions of curing
Books
 c - a book of Conjurations

   Spells                             Type                      Level
   *Magic Dart                        Conjuration                  1
   *Searing Ray                       Conjuration                  2
   Dazzling Spray                     Conjuration/Hexes            3
   Iskenderun's Mystic Blast          Conjuration                  4
   Iskenderun's Battlesphere          Conjuration/Charms           4
   Fulminant Prism                    Conjuration/Hexes            5


   Skills:
 - Level 2.4 Dodging
 - Level 2.4 Stealth
 - Level 2.2 Spellcasting
 * Level 7.0 Conjurations
 + Level 1.2 Evocations


You had 5 spell levels left.
You knew the following spells:

 Your Spells              Type           Power        Failure   Level  Hunger
a - Magic Dart            Conj           ####         1%          1    #......
s - Searing Ray           Conj           ####..       1%          2    ##.....


Dungeon Overview and Level Annotations

Branches:
Dungeon (4/16)
 Temple: D:4-7

Altars:
Trog

Annotations:
D:4 Pikel; PolkaDot's ghost, average TrDK


Message History

A scorpion comes into view.
A slave comes into view.
The slave shouts!
Pikel hits you with a runed whip! Pikel freezes you.
The water moccasin skeleton closely misses you.
The slave shouts!
The orc throws a throwing net [frayed].
The throwing net [frayed] hits you!
You become entangled in the net!
The gnoll hits you from afar with a spear.
You see here a throwing net [frayed].
You try to slip out of the net.
The water moccasin skeleton bites you but does no damage.
The gnoll hits you from afar with a spear!
* * * LOW HITPOINT WARNING * * *
Pikel closely misses you.
A slave comes into view.
You try to slip out of the net.
The water moccasin skeleton bites you but does no damage.
The gnoll hits you from afar with a spear.
You die...

. .%.. #.# .. #.... #.# ..
...... .(. ##.#####....
#.# #......?.... #.# .
#.....((....######.# s..
#)............g...g.
....#........#...#####g.
.....#..@@.@..#...#####..
........zKg.@....>....g..
.....#..g.....#...#####..
........p..%o.....p.%gK.@.
##.###........###.######.
##g#####@###.## .
#..gp.g......# .
#######.##...# . #.##...#
#


You could see Pikel, 4 slaves, 3 gnolls, PolkaDot's ghost, an orc and a water
moccasin skeleton.

Vanquished Creatures
  An orc priest (D:3)
  3 adders
  A giant mite (D:2)
  2 worms
  5 giant geckos
  4 oozes
  5 orcs (D:3)
  10 bats
  4 giant cockroaches
  6 goblins
  13 hobgoblins
  13 kobolds
  2 ball pythons (D:3)
  7 giant newts
  14 rats
90 creatures vanquished.

Notes
Turn   | Place    | Note
--------------------------------------------------------------
     0 | D:1      | PolkaDot, the Deep Elf Conjurer, began the quest for the Orb.
     0 | D:1      | Reached XP level 1. HP: 10/10 MP: 4/4
   478 | D:1      | Reached XP level 2. HP: 9/15 MP: 3/7
   482 | D:1      | Learned a level 2 spell: Searing Ray
   670 | D:1      | Reached skill level 5 in Conjurations
  1099 | D:1      | Reached XP level 3. HP: 19/19 MP: 6/9
  1797 | D:2      | Reached XP level 4. HP: 3/24 MP: 5/12
  1849 | D:2      | Reached skill level 6 in Conjurations
  2012 | D:3      | Noticed a moth of wrath
  2084 | D:3      | Found a bloodstained altar of Trog.
  2816 | D:3      | Reached XP level 5. HP: 28/28 MP: 3/14
  2853 | D:3      | Reached skill level 1 in Evocations
  2988 | D:4      | Noticed PolkaDot's ghost (average TrDK)
  3020 | D:4      | Noticed a slave
  3022 | D:4      | Noticed Pikel
  3030 | D:4      | Reached skill level 7 in Conjurations
  3031 | D:4      | Noticed a slave
  3052 | D:4      | Noticed a slave
  3055 | D:4      | Noticed a slave
  3055 | D:4      | Slain by a gnoll

Action                   |  1- 3 |  4- 6 || total
-------------------------+-------+-------++-------
Melee: Unarmed           |    20 |     5 ||    25
 Cast: Magic Dart        |    90 |    52 ||   142
       Searing Ray       |     5 |    10 ||    15
 Abil: Evoke Teleport Co |       |     1 ||     1
Evoke: Wand              |     1 |       ||     1
  Use: Potion            |       |     5 ||     5
